 Dungeon Crawl Stone Soup version 0.27.1-1-g398f81649c (webtiles) character file.

Game seed: 12230108655919956984

97 karkarkar the Conjurer (level 4, -2/49 HPs)
             Began as a Draconian Conjurer on Sept 16, 2021.
             Killed from afar by an orc wizard (6 damage)
             ... with a magic dart
             ... on level 3 of the Dungeon.
             The game lasted 00:09:09 (2689 turns).

karkarkar the Conjurer (Draconian Conjurer)         Turns: 2689, Time: 00:09:10

Health: -2/49      AC: 22    Str:  9    XL:     4   Next: 42%
Magic:  2/8        EV:  2    Int: 20    God:
Gold:   120        SH:  0    Dex:  9    Spells: 3/8 levels left

rFire    . . .     SeeInvis .   (no weapon)
rCold    . . .     Faith    .   (no shield)
rNeg     + + +     Spirit   .   (armour unavailable)
rPois    +         Reflect  .   (helmet currently unavailable)
rElec    .         Harm     .   (cloak currently unavailable)
rCorr    .         Rampage  .   (gloves currently unavailable)
Will     .....     NoTele   +   (boots currently unavailable)
Stlth    ++........             (no amulet)
HPRegen  0.16/turn              (no ring)
MPRegen  0.11/turn              (no ring)

@: tree-form
A: stationary, stasis, torment immunity, boosted hp, AC +5, unfitting armour,
(cold-blooded)
a: no special abilities


You were on level 3 of the Dungeon.
You were a tree.
You visited 1 branch of the dungeon, and saw 3 of its levels.

You collected 120 gold pieces.

Inventory:

Armour
 e - a +0 kite shield
Scrolls
 a - a scroll of enchant weapon
 d - a scroll of teleportation {unknown}
Potions
 b - 2 potions of lignification


   Skills:
 - Level 1.8 Dodging
 + Level 2.0 Stealth
 + Level 2.7 Spellcasting
 + Level 5.3 Conjurations


You had 3 spell levels left.
You knew the following spells:

 Your Spells              Type           Power      Damage    Failure   Level
a - Magic Dart            Conj           96%        1d7       1%          1
b - Searing Ray           Conj           48%        3d5       2%          2
c - Blink                 Tloc           N/A        N/A       22%         2

Your spell library contained the following spells:

 Spells                   Type           Power      Damage    Failure   Level
 Animate Skeleton         Necr           4%         N/A       14%         1
 Apportation              Tloc           4%         N/A       14%         1
 Corona                   Hex            2%         N/A       14%         1
 Summon Small Mammal      Summ           8%         N/A       14%         1
 Dazzling Flash           Conj/Hex       26%        N/A       14%         3
 Lesser Beckoning         Tloc           1%         N/A       41%         3
 Fulminant Prism          Conj/Hex       6%         3d7       43%         4
 Iskenderun's Mystic Bla  Conj/Tloc      13%        2d5       43%         4
 Manifold Assault         Tloc           2%         N/A       99%         5


Dungeon Overview and Level Annotations

Branches:
Dungeon (3/15)

Altars:

Shops:
D:1 =


Innate Abilities, Weirdness & Mutations

You are a tree.
Your roots penetrate the ground, keeping you stationary.
You cannot be teleported.
You are immune to unholy pain and torment.
Your maximum health is greatly increased.
Your equipment is partially melded.
((Your plain brown scales are hard. (AC +5)))
You cannot fit into any form of body armour.
((You are cold-blooded and may be slowed by cold attacks.))


Message History

You hear some strange, mumbled words.
You hear some strange, mumbled words.
A puff of flame appears from out of thin air!
The puff of flame hits you.
Your magical contamination has completely faded away.
A puff of flame appears from out of thin air!
The puff of flame hits you.
A puff of flame appears from out of thin air!
The puff of flame hits something.
Reactivating autopickup.
You feel a bit more experienced.
Aiming: Magic Dart (safe; 1% risk of failure)
Press: ? - help, Q - select action, (/) - cycle Shift-Dir - straight line Deactivating autopickup; reactivate with Ctrl-A.
Something tries to affect you, but you resist.
A puff of flame appears from out of thin air!
The puff of flame misses you.
You are confused.
You bump into the rock wall.
A puff of flame appears from out of thin air!
The puff of flame hits you.
You bump into the rock wall.
You bump into the rock wall.
You feel less confused.
A puff of flame appears from out of thin air!
The puff of flame hits you!
* * * LOW HITPOINT WARNING * * *
You hear some strange, mumbled words.
Something tries to affect you, but you resist.
Something hits you but does no damage.
It was a potion of lignification.
You turn into a tree.
Your roots penetrate the ground.
Something hits you but does no damage. The orc hits you with a +0 club.
* * * LOW HITPOINT WARNING * * *
You smack the orc!
You kill the orc!
You hear some strange, mumbled words.
A magic dart appears from out of thin air!
The magic dart hits you.
You die...

######### #.....{.# #.#####.#
######....<#.# ##### ##
#.....{)..##.# #... #..
+......♣...#)######.## ####.#
#..).......#.o.{o....#
.....#####..........########..##.
......................$>........)
.##............####+#+#.########.
.##..)............
...................
.†..................
........#+#####.....


There were no monsters in sight!

Vanquished Creatures
  An adder (D:2)
  2 worms
  4 dart slugs
  3 orcs (D:3)
  6 endoplasms
  3 giant cockroaches
  4 goblins
  6 hobgoblins
  2 quokkas
  8 ball pythons
  8 bats
  2 frilled lizards (D:2)
  7 kobolds
  5 rats
61 creatures vanquished.

Vanquished Creatures (others)
  An orc wizard (D:3)
1 creature vanquished.

Grand Total: 62 creatures vanquished

Notes
Turn   | Place    | Note
-------+----------+-------------------------------------------
     0 | D:1      | karkarkar the Draconian Conjurer began the quest for the
                  | Orb.
     0 | D:1      | Reached XP level 1. HP: 14/14 MP: 3/3
   230 | D:1      | Reached XP level 2. HP: 20/20 MP: 0/5
   233 | D:1      | Learned a level 2 spell: Searing Ray
   788 | D:1      | Found Zamufyek's Jewellery Emporium.
   919 | D:1      | Reached XP level 3. HP: 26/26 MP: 2/6
  1743 | D:2      | Reached skill level 5 in Conjurations
  2159 | D:2      | Reached XP level 4. HP: 33/33 MP: 3/8
  2629 | D:3      | Learned a level 2 spell: Blink
  2689 | D:3      | Killed from afar by an orc wizard

Illustrated notes

Levels and vault maps discovered:
D:1:      eino_arrival_cavern_b, layout_basic, serial_shops,
          nicolae_shop_behind_doors
D:2:      layout_loops_cross
D:3:      minmay_roachtagon, layout_basic, gammafunk_temple_overflow_wave

Skill      XL: |  1  2  3 |
---------------+----------+-----
Conjurations   | 5 |  5.3
Stealth        | 2 |  2.0
Dodging        | |  1.8
Spellcasting   | |  2.7

Action                   |  1- 3 |  4- 6 || total
-------------------------+-------+-------++-------
Melee: Unarmed           |     6 |     1 ||     7
 Cast: Magic Dart        |    49 |     5 ||    54
       Searing Ray       |    20 |     8 ||    28
  Use: Scroll            |     1 |     3 ||     4
       Potion            |       |     1 ||     1
Armor: Skin              |     9 |     6 ||    15
Dodge: Dodged            |    24 |     7 ||    31
